 Dungeon Crawl Stone Soup version 0.25-a0-657-ge95d391 (webtiles) character file.

Game seed: 5145567383174802679, levelgen mode: deterministic

8798 TheGoonsmith the Archer (level 11, -12/94 HPs)
             Began as a Minotaur Berserker on Mar 20, 2020.
             Was a High Priest of Trog.
             Killed from afar by an ice dragon (43 damage)
             ... with a blast of cold
             ... on level 9 of the Dungeon on Mar 22, 2020.
             The game lasted 00:23:25 (8329 turns).

TheGoonsmith the Archer (Minotaur Berserker)        Turns: 8329, Time: 00:23:25

Health: -12/94     AC: 17    Str: 28    XL:     11   Next: 14%
Magic:  10/10      EV: 12    Int:  4    God:    Trog [*****.]
Gold:   514        SH:  0    Dex: 16    Spells: 10/10 levels left

rFire    . . .     SeeInvis .   a - +1 war axe (freeze)
rCold    . . .     Gourm    .   (no shield)
rNeg     . . .     Faith    .   u - +0 chain mail (curse)
rPois    +         Spirit   .   (helmet restricted)
rElec    .         Reflect  .   E - +0 cloak
rCorr    .         Harm     .   I - +0 pair of gloves
MR       .....                  h - +2 pair of boots "Wecin" {+Fly Dex+2 Slay+3}
Stlth    ..........             (no amulet)
HPRegen  0.25/turn              j - ring of poison resistance
MPRegen  0.12/turn              J - +5 ring of strength (curse)

@: hasted, very quick
A: retaliatory headbutt, horns 2, deterioration 1, strong 1, wild magic 1
a: Berserk, Trog's Hand, Brothers in Arms, Renounce Religion, Evoke Flight


You were on level 9 of the Dungeon.
You worshipped Trog.
Trog was extremely pleased with you.
You were not hungry.

You visited 1 branch of the dungeon, and saw 9 of its levels.
You also visited: Ossuary.

You collected 651 gold pieces.
You spent 137 gold pieces at shops.

Inventory:

Hand Weapons
 a - a +1 war axe of freezing (weapon)
 b - a +2 vorpal longbow
 y - a +1 hand axe
Missiles
 o - 65 arrows
Armour
 h - the +2 pair of boots "Wecin" (worn) {+Fly Dex+2 Slay+3}
   (You found it on level 6 of the Dungeon)

   It affects your dexterity (+2).
   It affects your accuracy and damage with ranged weapons and melee attacks
   (+3).
   It lets you fly.
 s - a +1 plate armour
 u - a cursed +0 chain mail (worn)
 E - a +0 cloak (worn)
 I - a +0 pair of gloves (worn)
Jewellery
 f - an uncursed ring of fire
 j - a ring of poison resistance (left hand)
 v - an uncursed ring of flight
 F - an uncursed ring of see invisible
 J - a cursed +5 ring of strength (right hand)
Wands
 t - a wand of digging (5)
 w - a wand of random effects (13)
 A - a wand of clouds (6)
 B - a wand of paralysis (10)
 G - a wand of iceblast (36)
Scrolls
 m - 2 scrolls of enchant armour
 p - 7 scrolls of teleportation
 r - 4 scrolls of identify
 z - a scroll of blinking
 C - 4 scrolls of fog
 K - a scroll of remove curse
Potions
 d - 3 potions of might
 e - 7 potions of stabbing
 g - 2 potions of degeneration
 i - a potion of ambrosia
 k - 8 potions of curing
 l - 3 potions of brilliance
 n - 2 potions of heal wounds
 q - a potion of haste
 D - 3 potions of flight
 H - 2 potions of magic
Comestibles
 c - 21 rations
 L - 5 chunks of flesh


   Skills:
 - Level 8.0 Fighting
 - Level 7.9 Axes
 * Level 13.5 Bows
 - Level 8.0 Armour
 - Level 6.0 Dodging


You had 10 spell levels left.
You didn't know any spells.
Your spell library was empty.

Dungeon Overview and Level Annotations

Branches:
Dungeon (9/15)             Temple (0/1) D:5         Ossuary (visited)
   Lair: D:8-11         Orc: D:9-12

Altars:
Ashenzari
Dithmenos
Elyvilon
Gozag
Hepliaklqana
Kikubaaqudgha
Makhleb
Nemelex Xobeh
Sif Muna
Trog
Uskayaw
Vehumet
The Shining One

Shops:
D:4 (   D:5 [   D:9 :


Innate Abilities, Weirdness & Mutations

You reflexively headbutt those who attack you in melee.
You have a pair of horns on your head.
Your body sometimes deteriorates upon taking damage.
Your muscles are strong. (Str +2)
Your spells are a little harder to cast, but a little more powerful.


Message History

Really attack while wielding your +2 vorpal longbow?
Okay, then.
Your +1 war axe of freezing glows with a cold blue light!
a - a +1 war axe of freezing (weapon)
You hit the ice dragon but do no damage.
You headbutt the ice dragon!!
The ice dragon is heavily wounded.
The ice dragon bites you but does no damage.
The ice dragon barely misses you. x2
You completely miss the ice dragon. You headbutt the ice dragon!
The ice dragon is heavily wounded.
You barely miss the ice dragon. You headbutt the ice dragon!
The ice dragon is severely wounded.
The ice dragon bites you. The ice dragon claws you!
The ice dragon tramples you.
You stumble backwards!
You slash the ice dragon!
The ice dragon is severely wounded.
The ice dragon breathes frost at you. The blast of cold hits you!!!
You die...

....###.#
#.##
........#
#..#
........#
##.#
#######.#
#.# # #.#
#.## # #.#
#..# # #.#
##..## #
#.#
##....## #
#.#
#..@...# #
#.#
#..D...# #
#.#
#(......#
#
#........#
.
#......≈≈#
..
#...).≈≈≈#
###
#≈..≈≈≈≈≈#
#≈≈(≈≈≈.≈#
#≈(≈≈≈...#


You could see an ice dragon.

Vanquished Creatures
  A centaur warrior (D:9)
  A wolf spider zombie (D:8)
  2 centaur zombies (D:8)
  Psyche (D:9)
  2 hellwings (D:8)
  A harpy zombie (D:8)
  A harpy skeleton (D:8)
  3 hippogriffs
  Grinder (D:3)
  A meliai zombie (D:8)
  4 yaks (D:7)
  A wraith (D:8)
  A water moccasin (D:5)
  A sky beast (D:7)
  3 phantoms
  3 orc warriors
  2 ogres
  3 necrophages (D:8)
  2 centaurs
  Blork the orc (D:4)
  2 elf zombies
  3 bullfrogs
  A wyvern skeleton (D:8)
  3 water moccasin skeletons
  A scorpion (D:7)
  10 killer bees
  5 wights
  An electric eel (D:8)
  A howler monkey (D:4)
  4 crimson imps
  3 hounds
  2 bullfrog zombies (D:6)
  2 human zombies (D:8)
  2 jellies
  3 orc priests
  A gnoll shaman (D:5)
  2 centaur skeletons
  Crazy Yiuf (D:5)
  A bullfrog skeleton (D:7)
  A human skeleton (D:8)
  2 iguanas (D:7)
  4 orc wizards
  6 worker ants
  3 big kobold zombies (Ossuary)
  3 mummies
  2 worker ant zombies
  A howler monkey skeleton (D:6)
  9 adders
  10 gnolls
  6 shadow imps
  2 oozes
  An adder skeleton (D:4)
  A worm (D:3)
  3 dart slugs
  3 leopard geckos
  16 orcs
  2 ball pythons (D:3)
  7 giant cockroaches
  4 goblins
  6 jackals (D:8)
  5 quokkas
  5 bats
  5 frilled lizards
  5 goblin zombies (Ossuary)
  7 hobgoblin zombies (Ossuary)
  A jackal skeleton (D:4)
  3 jackal zombies (Ossuary)
  4 kobolds
  8 kobold zombies (Ossuary)
  A leopard gecko skeleton (D:7)
  A leopard gecko zombie (D:4)
  11 orc zombies
  11 rats
242 creatures vanquished.

Notes
Turn   | Place    | Note
-------+----------+-------------------------------------------
     0 | D:1      | TheGoonsmith the Minotaur Berserker began the quest for the
                  | Orb.
     0 | D:1      | Reached XP level 1. HP: 19/19 MP: 0/0
   148 | D:1      | You fall into a shaft and drop 1 floor!
   270 | D:2      | Found a glowing golden altar of the Shining One.
   586 | D:1      | Reached XP level 2. HP: 27/27 MP: 1/1
   998 | D:2      | Reached XP level 3. HP: 27/33 MP: 2/2
  1283 | D:2      | Found a hide-covered altar of Uskayaw.
  1368 | D:2      | Found a burning altar of Makhleb.
  1614 | D:3      | Reached ** piety under Trog
  1646 | D:3      | Reached XP level 4. HP: 25/40 MP: 3/3
  1985 | D:3      | Reached skill level 5 in Axes
  2024 | D:3      | Noticed Grinder
  2029 | D:3      | Paralysed by Grinder for 2 turns
  2039 | D:3      | Killed Grinder
  2039 | D:3      | Reached XP level 5. HP: 20/47 MP: 4/4
  2039 | D:3      | Reached XP level 6. HP: 24/55 MP: 5/5
  2636 | D:4      | Reached skill level 5 in Fighting
  2730 | D:4      | Noticed Blork the orc
  2802 | D:4      | Killed Blork the orc
  2802 | D:4      | Reached XP level 7. HP: 61/61 MP: 6/6
  2861 | D:4      | Found Cosifit's Weapon Boutique.
  2887 | D:4      | Bought a +1 vorpal longbow for 137 gold pieces
  2964 | D:4      | Reached skill level 1 in Bows
  2996 | D:4      | Reached *** piety under Trog
  3051 | D:4      | Reached skill level 5 in Armour
  3106 | D:4      | Found a shimmering blue altar of Sif Muna.
  3344 | D:5      | Entered Level 5 of the Dungeon
  3345 | D:5      | Found a hazy altar of Hepliaklqana.
  3379 | D:5      | Found a staircase to the Ecumenical Temple.
  3426 | D:5      | Found Qurohokh's Antique Armour Shoppe.
  3537 | D:5      | Reached skill level 2 in Bows
  3594 | D:5      | Reached XP level 8. HP: 32/70 MP: 7/7
  3804 | D:5      | Found a radiant altar of Vehumet.
  4012 | D:5      | Found a bloodstained altar of Trog.
  4131 | D:5      | Found a runed translucent door.
  4132 | D:5      | Noticed Crazy Yiuf
  4140 | D:5      | Killed Crazy Yiuf
  4266 | D:6      | Reached skill level 3 in Bows
  4280 | D:6      | Reached skill level 5 in Dodging
  4295 | D:6      | Reached skill level 4 in Bows
  4332 | D:6      | Got a pair of polished boots
  4338 | D:6      | Identified the +2 pair of boots "Wecin" {+Fly Dex+2 Slay+3}
                  | (You found it on level 6 of the Dungeon)
  4468 | D:6      | Found a shattered altar of Ashenzari.
  4599 | D:6      | Found an opulent altar of Gozag.
  5217 | D:7      | Found a white marble altar of Elyvilon.
  5234 | D:7      | Reached skill level 5 in Bows
  5234 | D:7      | Reached **** piety under Trog
  5240 | D:7      | Reached XP level 9. HP: 79/79 MP: 8/8
  5321 | D:7      | Reached skill level 6 in Bows
  5361 | D:7      | Reached skill level 7 in Bows
  5783 | D:7      | Reached skill level 8 in Bows
  5888 | D:7      | Found a shadowy altar of Dithmenos.
  6085 | D:8      | Found a sand-covered staircase.
  6092 | Ossuary  | Entered an ossuary
  6177 | Ossuary  | Reached ***** piety under Trog
  6177 | Ossuary  | Received a gift from Trog
  6230 | Ossuary  | Reached skill level 9 in Bows
  6290 | Ossuary  | Reached XP level 10. HP: 84/88 MP: 9/9
  6728 | D:8      | Reached skill level 10 in Bows
  6766 | D:8      | Upgraded the game from 0.25-a0-635-g0c6c292 to
                  | 0.25-a0-657-ge95d391
  6824 | D:8      | Reached skill level 11 in Bows
  7075 | D:8      | Reached skill level 12 in Bows
  7574 | D:8      | Found an ancient bone altar of Kikubaaqudgha.
  7813 | D:8      | Received a gift from Trog
  8014 | D:9      | Found Qyrch's Book Shop.
  8025 | D:9      | Found a sparkling altar of Nemelex Xobeh.
  8086 | D:9      | Reached skill level 13 in Bows
  8088 | D:9      | Reached XP level 11. HP: 92/92 MP: 10/10
  8128 | D:9      | Noticed Psyche
  8130 | D:9      | Killed Psyche
  8309 | D:9      | Noticed a centaur warrior
  8312 | D:9      | Killed a centaur warrior
  8315 | D:9      | Noticed an ice dragon
  8321 | D:9      | Gained mutation: Your body sometimes deteriorates upon
                  | taking damage. [potion of mutation]
  8321 | D:9      | Gained mutation: Your muscles are strong. (Str +2) [potion
                  | of mutation]
  8321 | D:9      | Gained mutation: Your spells are a little harder to cast,
                  | but a little more powerful. [potion of mutation]
  8329 | D:9      | Killed from afar by an ice dragon

Levels and vault maps discovered:
D:1:      lemuel_arrival_hallway, layout_basic, minmay_octomino_e4
D:2:      layout_basic, nicolae_overflow_hidden_temple, bloody_makhleb,
          old_standard_altar
D:3:      layout_loops_ring, first_ration, mrwooster_statue_mirror, st_stairs_7,
          uniq_grinder
D:4:      layout_basic, nicolae_overflow_crystal_walls, serial_shops,
          nicolae_shop_window_shopping, uniq_blork_the_orc
D:5:      layout_loops_ring, lemuel_crystal_altar, kennysheep_mini_moat,
          overflow_temple_1_default, minmay_temple_entry_nine_rooms,
          serial_shops, shop, uniq_crazy_yiuf_cottage
D:6:      cheibrodos_fzero, layout_basic, ashenzari_altar_1,
          nicolae_gozag_seed_capital
D:7:      layout_cave_pools, grunt_dithmenos_shadows, elyvilon_altar_4
D:8:      cheibrodos_grave_circle, layout_basic,
          lemuel_mausoleum_altar_kikubaaqudgha, enter_ossuary_5,
          nrook_pool_corridor
D:9:      dragon1_lemuel, layout_small_grid, lemuel_crystal_altar, serial_shops,
          shop_statue, guppyfry_early_elven_hall, uniq_psyche

Skill      XL: |  1  2  3  4  5  6  7  8  9 10 |
---------------+-------------------------------+-----
Axes           | 4 5 6 7 |  7.9
Fighting       | 4 5 7 8 |  8.0
Armour         | 3 4 5 6 8 |  8.0
Dodging        | 3 4 5 6 |  6.0
Bows           | 2 5 9 13 | 13.5

Action                   |  1- 3 |  4- 6 |  7- 9 | 10-12 || total
-------------------------+-------+-------+-------+-------++-------
Melee: Hand axe          |    62 |    97 |    21 |       ||   180
       Headbutt          |     8 |    23 |    24 |    32 ||    87
       War axe           |       |       |   105 |   105 ||   210
 Fire: Longbow           |       |       |   160 |    98 ||   258
Invok: Berserk           |       |     3 |     1 |       ||     4
       Trog's Hand       |       |     2 |     1 |       ||     3
  Use: Scroll            |       |     9 |     8 |     5 ||    22
       Potion            |       |       |       |     4 ||     4
  Eat: Chunk             |     2 |     6 |    10 |     4 ||    22
       Ration            |       |       |     1 |     1 ||     2
Armor: Animal skin       |     9 |       |       |       ||     9
       Scale mail        |    18 |    13 |       |       ||    31
       Plate armour      |       |    27 |    47 |       ||    74
       Chain mail        |       |       |    54 |    92 ||   146
Dodge: Dodged            |    32 |    45 |   103 |    80 ||   260

Table legend:
 A = Non-vault XP
 B = Vault XP
 C = Vault XP percentage of total XP
 D = Non-vault monster count
 E = Vault monster count
 F = Vault count percentage of total count
                 A         B        C        D         E       F
            +---------+---------+-------+---------+---------+-------
      Total |    6497 |    6072 |  48.3 |     156 |      86 |  35.5
            +---------+---------+-------+---------+---------+-------
        D:1 |      11 |       5 |  31.2 |       7 |       3 |  30.0
        D:2 |      56 |       0 |   0.0 |      10 |       0 |   0.0
        D:3 |     113 |     265 |  70.1 |      27 |       3 |  10.0
        D:4 |     537 |      96 |  15.2 |      26 |       1 |   3.7
        D:5 |     428 |      39 |   8.4 |      13 |       1 |   7.1
        D:6 |     365 |     483 |  57.0 |      11 |      11 |  50.0
        D:7 |    2678 |     133 |   4.7 |      33 |       1 |   2.9
        D:8 |     601 |    4404 |  88.0 |      17 |      26 |  60.5
        D:9 |    1708 |     410 |  19.4 |      12 |       1 |   7.7
    Ossuary |       0 |     237 | 100.0 |       0 |      39 | 100.0
            +---------+---------+-------+---------+---------+-------
